 Dungeon Crawl Stone Soup version 0.22-a0-307-g2b15929 (webtiles) character file.

55 Borgoz the Ruffian (level 3, -1/29 (30) HPs)
             Began as a Ghoul Gladiator on Apr 1, 2018.
             Slain by Terence
             ... wielding a +3 flail of protection
              (6 damage)
             ... on level 3 of the Dungeon.
             The game lasted 00:03:02 (1659 turns).

Borgoz the Ruffian (Ghoul Gladiator)                Turns: 1659, Time: 00:03:03

HP:   -1/29 (30)    AC:  4    Str: 17    XL:     3   Next: 93%
MP:   2/2           EV: 11    Int:  3    God:
Gold: 93            SH:  0    Dex: 11    Spells: 2/2 levels left

rFire    . . .     SeeInvis .     - Unarmed
rCold    + . .     Gourm    .   (no shield)
rNeg     + + +     Faith    .   a - +0 leather armour
rPois    ∞         Spirit   .   b - +0 helmet
rElec    .         Reflect  .   (no cloak)
rCorr    .         Harm     .   (no gloves)
MR       .....                  (no boots)
Stlth    +.........             k - amulet of inaccuracy (curse)
HPRegen  0.00/turn              (no ring)
MPRegen  0.08/turn              (no ring)

@: rotting, heavily drained
A: rotting body, claws 1, carnivore, cold resistance 1, negative energy
resistance 3, inhibited regeneration, torment resistance, unbreathing
a: no special abilities


You were on level 3 of the Dungeon.
You were not hungry.

You visited 1 branch of the dungeon, and saw 3 of its levels.

You collected 93 gold pieces.

Inventory:

Missiles
 c - 3 throwing nets (quivered)
Armour
 a - a +0 leather armour (worn)
 b - a +0 helmet (worn)
Jewellery
 i - an uncursed amulet of harm
 k - a cursed amulet of inaccuracy (around neck)
Potions
 e - a potion of might {unknown}
 f - a potion of degeneration {unknown}
 g - 4 potions of curing {unknown}
 h - a potion of agility {unknown}
 j - a potion of flight {unknown}
Comestibles
 d - 2 rations


   Skills:
 + Level 2.9(1.3) Fighting
 - Level 1.7(0.2) Throwing
 + Level 1.3(0.0) Armour
 + Level 3.1(1.5) Dodging
 + Level 3.8(2.2) Unarmed Combat


You had 2 spell levels left.
You didn't know any spells.

Dungeon Overview and Level Annotations

Branches:
Dungeon (3/15)

Altars:

Annotations:
D:3 Terence


Innate Abilities, Weirdness & Mutations

Your body is rotting away.
You thrive on raw meat.
You are immune to poison.
You have sharp fingernails.
You are carnivorous and can eat meat at any time.
Your flesh is cold resistant. (rC+)
You are immune to negative energy. (rN+++)
You do not regenerate when monsters are visible.
You are immune to unholy pain and torment.
You can survive without breathing.


Message History

Terence hits you with a flail of protection!
You miss Terence.
Terence hits you with a flail of protection.
You scratch Terence.
Terence is lightly wounded.
Terence barely misses you.
You scratch Terence.
Terence is moderately wounded.
You closely miss Terence.
Terence is moderately wounded.
Terence hits you with a flail of protection!
* * * LOW HITPOINT WARNING * * *
You miss Terence.
Terence is moderately wounded.
You hear the slow rusting of a very distant drain.
Terence barely misses you.
You scratch Terence but do no damage.
Terence is moderately wounded.
Terence hits you with a flail of protection.
You die...

## #. #......# ..###.
###......####### #.....
#.............<#
......###.#.#..........#
.......................#
........#...#..........#
#..........##.##########
..####..<<##.# #.(#.##@#
#.....@.# #)####### ..#
.... ..... ...##.. ....
## .....


You could see Terence.

Vanquished Creatures
  An adder (D:2)
  2 leopard geckos
  2 ball pythons (D:2)
  6 bats
  5 goblins
  5 hobgoblins
  3 jackals (D:1)
  4 kobolds (D:1)
  A quokka (D:2)
  2 frilled lizards
  A leopard gecko skeleton (D:3)
  13 rats
45 creatures vanquished.

Vanquished Creatures (others)
  4 toadstools (D:1)
4 creatures vanquished.

Grand Total: 49 creatures vanquished

Notes
Turn   | Place    | Note
-------+----------+-------------------------------------------
     0 | D:1      | Borgoz the Ghoul Gladiator began the quest for the Orb.
     0 | D:1      | Reached XP level 1. HP: 17/17 MP: 0/0
   322 | D:1      | Reached XP level 2. HP: 23/25 MP: 1/1
   577 | D:1      | Reached XP level 3. HP: 29/30 MP: 2/2
   672 | D:1      | Reached skill level 1 in Armour
  1559 | D:3      | Noticed Terence
  1659 | D:3      | Slain by Terence

Vault maps used:
D:1:      ldierk_walled_garden_2
D:2:      serial_forest, infiniplex_forest_straight_3,
          infiniplex_forest_straight_4, infiniplex_forest_lined_1,
          infiniplex_forest_clump_curved, infiniplex_forest_clump_small,
          infiniplex_forest_straight_2, infiniplex_forest_lined_2,
          infiniplex_forest_clump_medium
D:3:      grunt_gozag_statues, serial_undead, serial_undead_e, serial_undead_e,
          serial_undead_e, serial_undead_f, serial_undead_a,
          portal_sewer_entry_e, uniq_crazy_yiuf_cottage, uniq_terence,
          uniq_sigmund

Skill      XL: |  1  2  3 |
---------------+----------+-----
Dodging        | 3 |  3.1
Armour         | 1 |  1.3
Fighting       | |  2.9
Throwing       | |  1.7
Unarmed Combat | |  3.8

Action                   || total
-------------------------++-------
Melee: Unarmed           ||   146
       Punch             ||     1
  Use: Scroll            ||     2
  Eat: Chunk             ||     9
Armor: Leather armour    ||    52
Dodge: Dodged            ||    96

Table legend:
 A = Spawn XP
 B = Non-spawn XP
 C = Spawn XP percentage of total XP
 D = Spawn monster count
 E = Non-spawn monster count
 F = Spawn count percentage of total count
 G = Total turns spent on level
                    A         B        C        D         E        F      G
               +---------+---------+-------+---------+---------+-------+---------
         Total |       0 |      79 |   0.0 |       0 |      45 |   0.0 |  1659
               +---------+---------+-------+---------+---------+-------+---------
           D:1 |       0 |      39 |   0.0 |       0 |      26 |   0.0 |   815
           D:2 |       0 |      37 |   0.0 |       0 |      17 |   0.0 |   802
           D:3 |       0 |       3 |   0.0 |       0 |       2 |   0.0 |    42
               +---------+---------+-------+---------+---------+-------+---------
